 Dungeon Crawl Stone Soup version 0.30.0-5-g1a98f26d00 (webtiles) character file.

Game seed: 150627096661428268

6388 gelatine the Shield-Bearer (level 10, -11/76 HPs)
             Began as a Demonspawn Fighter on May 8, 2023.
             Shot with an arrow by a centaur warrior (19 damage)
             ... on level 8 of the Dungeon.
             The game lasted 00:27:27 (6497 turns).

gelatine the Shield-Bearer (Demonspawn Fighter)     Turns: 6497, Time: 00:27:28

Health: -11/76     AC: 15    Str: 16    XL:     10   Next: 66%
Magic:  12/12      EV: 20    Int: 12    God:
Gold:   393        SH: 12    Dex: 17    Spells: 12/12 levels left

rFire   . . .        w - +7 Spriggan's Knife {stab, EV+4 Stlth+}
rCold   . . .        c - +0 buckler
rNeg    . . .        D - +4 scale mail "Fisuost" {Dex+2}
rPois   .            v - +0 hat
rElec   .            J - +0 cloak
rCorr   .            r - +0 pair of gloves
SInv    .            p - +0 pair of boots
Will    +....        (no amulet)
Stlth   +++          h - +5 ring of evasion
HPRegen 0.32/turn    E - ring of willpower
MPRegen 0.13/turn

%: no passive effects
@: about to teleport
A: horns 2, large bone plates 2, ignite blood 2, spiny 1
a: no special abilities


You were on level 8 of the Dungeon.
You visited 2 branches of the dungeon, and saw 9 of its levels.

You collected 442 gold pieces.
You spent 49 gold pieces at shops.

Inventory:

Hand Weapons
 a - a +0 war axe
 w - the +7 Spriggan's Knife (weapon) {stab, EV+4 Stlth+}
   (You found it on level 4 of the Dungeon)

   Stab:      It is more effective when stabbing unaware enemies, sometimes
   treating them as though they were completely helpless.
   EV:        It affects your evasion (+4).
   Stlth:     It makes you more stealthy.
 F - the +4 dagger of Vavoaj {venom, rN+ Dex+3}
   (You found it on level 6 of the Dungeon)

   Dex:       It affects your dexterity (+3).
   rN:        It protects you from negative energy.
 H - the +9 long sword of the Glimmering Seeker {protect, *Corrode rN+ Str+5}
   (You found it on level 6 of the Dungeon)

   Str:       It affects your strength (+5).
   rN:        It protects you from negative energy.
   *Corrode:  It may corrode you when you take damage.
Missiles
 K - a curare-tipped dart
 L - 2 silver boomerangs (quivered)
Armour
 c - a +0 buckler (worn)
 p - a +0 pair of boots (worn)
 r - a +0 pair of gloves (worn)
 v - a +0 hat (worn)
 D - the +4 scale mail "Fisuost" (worn) {Dex+2}
   (You found it on level 5 of the Dungeon)

   Dex:       It affects your dexterity (+2).
 J - a +0 cloak (worn)
 O - a +2 scale mail of fire resistance
 Q - +0 swamp dragon scales
Jewellery
 h - a +5 ring of evasion (left hand)
 j - an amulet of magic regeneration
 E - a ring of willpower (right hand)
Wands
 A - a wand of charming (6)
 N - a wand of polymorph (8)
 P - a wand of mindburst (11)
Scrolls
 f - a scroll of enchant weapon
 i - 3 scrolls of teleportation
 l - 2 scrolls of fog
 m - 3 scrolls of amnesia
 n - a scroll of enchant armour
 o - a scroll of poison
 q - a scroll of noise
 x - a scroll of vulnerability
 y - a scroll of immolation
Potions
 d - 2 potions of might
 e - a potion of flight
 g - 3 potions of curing
 k - a potion of invisibility
 s - a potion of resistance
 u - a potion of lignification
 z - a potion of attraction
 B - a potion of brilliance
 C - 3 potions of cancellation
 G - a potion of mutation
 M - a potion of ambrosia


   Skills:
 * Level 5.9 Fighting
 * Level 6.5 Short Blades
 + Level 4.0 Axes
 + Level 2.2 Throwing
 * Level 6.2 Armour
 * Level 4.0 Dodging
 * Level 4.9 Stealth
 * Level 7.0 Shields
 + Level 1.5 Spellcasting
 * Level 4.4 Evocations


You had 12 spell levels left.
You didn't know any spells.
Your spell library contained the following spells:

 Spells                   Type           Power      Damage    Failure   Level
 Sandblast                Erth           0%         2d4       75%         1
 Slow                     Hex            0%         N/A       75%         1
 Sting                    Tmut/Pois      0%         1d3       75%         1
 Passwall                 Tmut/Erth      0%         N/A       87%         2
 Poisonous Vapours        Pois/Air       0%         N/A       87%         2
 Confusing Touch          Hex            0%         N/A       98%         3
 Dazzling Flash           Conj/Hex       0%         N/A       98%         3
 Frozen Ramparts          Ice            0%         1d1       98%         3
 Stone Arrow              Conj/Erth      0%         3d7       98%         3
 Vampiric Draining        Necr           0%         2d6       98%         3
 Volatile Blastmotes      Fire/Tloc      0%         2d10      98%         3
 Ice Form                 Ice/Tmut       0%         N/A       100%        4
 Iskenderun's Mystic Bla  Conj/Tloc      0%         2d3       100%        4
 Olgreb's Toxic Radiance  Pois           0%         N/A       100%        4
 Summon Ice Beast         Ice/Summ       0%         N/A       100%        4
 Blade Hands              Tmut           0%         N/A       100%        5
 Irradiate                Conj/Tmut      0%         3d11      100%        5
 Starburst                Conj/Fire      0%         6d3       100%        6
 Dragon Form              Tmut           0%         N/A       100%        7


Dungeon Overview and Level Annotations

Branches:
Dungeon (8/15)             Temple (1/1) D:4            Lair (0/5) D:8

Altars:
Ashenzari
Cheibriados
Dithmenos
Fedhas
Gozag
Hepliaklqana
Kikubaaqudgha
Makhleb
Nemelex Xobeh
Okawaru
Qazlal
Ru
Sif Muna
Trog
Uskayaw
Vehumet
Yredelemnul

Shops:
D:2 [   D:8 [

Annotations:
D:7 3 runed translucent doors, Sleet's ghost, novice DEFE


Innate Abilities, Weirdness & Mutations

You have a pair of horns on your head.
You are mostly covered in large bone plates. (SH +6)
Your demonic aura often causes spilled blood to erupt in flames.
You are partially covered in sharp spines.


Message History

You barely miss the centaur warrior. You headbutt the centaur warrior.
The centaur warrior is moderately wounded.
The centaur warrior hits you with a +2 great sword of holy wrath!
You convulse.
The centaur warrior kicks you.
You hit the centaur warrior but do no damage.
You headbutt the centaur warrior!
The centaur warrior is heavily wounded.
The centaur warrior is struck by your spines.
The centaur warrior hits you but does no damage.
The centaur warrior completely misses you.
The centaur warrior is struck by your spines.
The centaur warrior hits you with a +2 great sword of holy wrath!
* * * LOW HITPOINT WARNING * * *
You convulse.
* * * LOW HITPOINT WARNING * * *
The centaur warrior kicks you.
* * * LOW HITPOINT WARNING * * *
You feel much better.
The centaur warrior is struck by your spines.
The centaur warrior hits you with a +2 great sword of holy wrath!
* * * LOW HITPOINT WARNING * * *
You convulse!
* * * LOW HITPOINT WARNING * * *
You block the centaur warrior's attack.
Read: scroll of fear
Press: ? - help, Q - select action, (/) - cycle Dir - look around, f - activate Look: a centaur warrior, wielding a +2 great sword of holy wrath (severely wounded, chance to affect: 90%)
As you read the scroll of fear, it crumbles to dust.
You assume a fearsome visage.
The centaur warrior looks frightened!
As you read the scroll of teleportation, it crumbles to dust.
You feel strangely unstable.
The centaur warrior unwields a +2 great sword of holy wrath.
It stops glowing.
The centaur warrior wields a +2 shortbow of flaming.
It bursts into flame!
The centaur warrior shoots an arrow.
You block the arrow.
The centaur warrior seems to regain its courage.
The centaur warrior shoots an arrow.
The arrow hits you but does no damage.
The centaur warrior shoots an arrow.
The arrow hits you!!
You die...

# #............# ######...#####.#
...####.## #.# ........####
#.######### ...........#
#.........###
####+#####.###...#.......#
..#..#.#.#...c..###..#.#.#
.#..##..##.###...#...#.#.#
.##...)..#......@..#.#.#.#
#.##.#.#.#...#.##.##.#.#.#
)..###.#.'...####.##.#.#.#
.#)....#.#...# #.##.#.#.#####
...###...#..)# #.##.#.#<....#
.#...##.##..)###..##.# #####.###
.#.#.#c..#............ #.#.##
####+#########)#####.#######....#
#.......###...)...##.............


You could see a centaur warrior.

Vanquished Creatures
  2 centaur warriors (D:8)
  An orc knight (D:8)
  An ugly thing (D:8)
  An unseen horror (D:8)
  Maggie (D:8)
  A steam dragon (D:8)
  5 water moccasins
  Duvessa (D:6)
  3 orc warriors
  2 ice beasts (D:7)
  A sky beast (D:6)
  2 black bears
  2 centaurs
  2 kobold brigands
  A bullfrog (D:6)
  4 scorpions
  9 wights
  Dowan (D:6)
  11 killer bees (D:7)
  A howler monkey (D:8)
  2 hounds
  3 orc priests
  Crazy Yiuf (D:6)
  A sleepcap (D:5)
  An iguana (D:5)
  4 orc wizards
  4 gnolls (D:8)
  8 adders
  A shadow imp (D:8)
  3 white imps
  3 ufetubi
  2 worms
  2 dart slugs (D:1)
  31 orcs
  14 endoplasms
  4 giant cockroaches
  8 goblins
  8 hobgoblins
  10 jackals
  5 quokkas
  9 ball pythons
  3 bats
  A frilled lizard (D:2)
  18 kobolds
  2 rats
200 creatures vanquished.

Notes
Turn   | Place    | Note
-------+----------+-------------------------------------------
     0 | D:1      | gelatine the Demonspawn Fighter began the quest for the
                  | Orb.
     0 | D:1      | Reached XP level 1. HP: 18/18 MP: 1/1
    63 | D:1      | Gained mutation: You have a pair of small horns on your
                  | head. [demonic ancestry]
    63 | D:1      | Reached XP level 2. HP: 16/24 MP: 2/2
   302 | D:1      | Gained mutation: You are partially covered in sharp spines.
                  | [demonic ancestry]
   302 | D:1      | Reached XP level 3. HP: 29/29 MP: 3/3
   784 | D:2      | Found Tienene's Armour Shop.
   853 | D:2      | Bought a +0 pair of boots for 49 gold pieces
   904 | D:2      | Reached XP level 4. HP: 35/35 MP: 4/4
  1309 | D:3      | Found a blossoming altar of Fedhas.
  1321 | D:3      | Reached skill level 3 in Shields
  1703 | D:3      | Found a bloodstained altar of Trog.
  1800 | D:4      | Found the +7 Spriggan's Knife {stab, EV+4 Stlth+}
  1825 | D:4      | Gained mutation: You are partially covered in large bone
                  | plates. (SH +4) [demonic ancestry]
  1825 | D:4      | Reached XP level 5. HP: 41/41 MP: 5/5
  1918 | D:4      | Noticed a black bear
  1925 | D:4      | Killed a black bear
  2006 | D:4      | Found a staircase to the Ecumenical Temple.
  2014 | D:4      | Reached skill level 1 in Stealth
  2023 | D:4      | Reached skill level 1 in Spellcasting
  2023 | D:4      | Reached XP level 6. HP: 48/48 MP: 7/7
  2069 | Temple   | Entered the Ecumenical Temple
  2279 | D:4      | Reached skill level 1 in Short Blades
  2279 | D:4      | Reached skill level 1 in Dodging
  2564 | D:5      | Entered Level 5 of the Dungeon
  2977 | D:5      | Noticed a water moccasin
  2988 | D:5      | Killed a water moccasin
  2989 | D:5      | Gained mutation: You have a pair of horns on your head.
                  | [demonic ancestry]
  2989 | D:5      | Reached XP level 7. HP: 20/53 MP: 7/9
  3329 | D:5      | Identified the +4 scale mail "Fisuost" {Dex+2}
  3423 | D:5      | Found a basalt altar of Yredelemnul.
  3423 | D:5      | Found an ancient bone altar of Kikubaaqudgha.
  3425 | D:5      | Found a sacrificial altar of Ru.
  3425 | D:5      | Found a snail-covered altar of Cheibriados.
  3974 | D:6      | Reached skill level 1 in Evocations
  3989 | D:6      | Gained mutation: You are mostly covered in large bone
                  | plates. (SH +6) [demonic ancestry]
  3989 | D:6      | Reached XP level 8. HP: 60/60 MP: 10/10
  4032 | D:6      | Identified the +4 dagger of Vavoaj {venom, rN+ Dex+3}
  4039 | D:6      | Identified the +9 long sword of the Glimmering Seeker
                  | {protect, *Corrode rN+ Str+5}
  4055 | D:6      | Reached skill level 4 in Shields
  4077 | D:6      | Found a shadowy altar of Dithmenos.
  4086 | D:6      | Reached skill level 1 in Throwing
  4189 | D:6      | Noticed Dowan
  4195 | D:6      | Killed Dowan
  4198 | D:6      | Noticed Duvessa
  4210 | D:6      | Killed Duvessa
  4271 | D:6      | Found a runed translucent door.
  4272 | D:6      | Noticed Crazy Yiuf
  4280 | D:6      | Killed Crazy Yiuf
  4503 | D:7      | Reached skill level 5 in Armour
  4644 | D:7      | Gained mutation: Your demonic aura sometimes causes spilled
                  | blood to erupt in flames. [demonic ancestry]
  4644 | D:7      | Reached XP level 9. HP: 56/67 MP: 11/11
  4787 | D:7      | Reached skill level 5 in Fighting
  4787 | D:7      | Reached skill level 5 in Short Blades
  4787 | D:7      | Reached skill level 5 in Shields
  4877 | D:7      | Found a runed translucent gate.
  4877 | D:7      | Found a runed translucent gate.
  4904 | D:7      | Found a runed translucent gate.
  4906 | D:7      | Found an opulent altar of Gozag.
  4908 | D:7      | Noticed a manticore
  4909 | D:7      | Noticed Sleet's ghost (novice DEFE)
  5614 | D:8      | Found a staircase to the Lair.
  5664 | D:8      | Found a stormy altar of Qazlal.
  5664 | D:8      | Found a hide-covered altar of Uskayaw.
  5664 | D:8      | Found a sparkling altar of Nemelex Xobeh.
  5666 | D:8      | Noticed Maggie
  5668 | D:8      | Found Atweb's Armour Boutique.
  5682 | D:8      | Killed Maggie
  5683 | D:8      | Reached skill level 6 in Shields
  5683 | D:8      | Gained mutation: Your demonic aura often causes spilled
                  | blood to erupt in flames. [demonic ancestry]
  5683 | D:8      | Reached XP level 10. HP: 54/74 MP: 12/12
  5777 | D:8      | Noticed an orc knight
  5810 | D:8      | Killed an orc knight
  6063 | D:8      | Noticed a centaur warrior
  6065 | D:8      | Noticed a centaur warrior
  6066 | D:8      | Noticed a green ugly thing
  6082 | D:8      | HP: 1/74 [centaur warrior/arrow (22)]
  6312 | D:8      | Killed a centaur warrior
  6326 | D:8      | Killed a green ugly thing
  6378 | D:8      | Killed a centaur warrior
  6379 | D:8      | Reached skill level 7 in Shields
  6470 | D:8      | Noticed a centaur warrior
  6497 | D:8      | Shot with an arrow by a centaur warrior

Illustrated notes

Levels and vault maps discovered:
D:1:      spicycebolla_arrival_transporter_tutorial, layout_basic
D:2:      layout_basic, serial_shops, shop
D:3:      layout_rooms, lemuel_coloured_pillars_altar, amcnicky_altar_gilded
D:4:      layout_rooms, minmay_temple_entry_overgrown
D:5:      layout_basic, mainiacjoe_overflow_alcove_3, minmay_misc_feat_plants,
          hellmonk_no_cap
D:6:      layout_rooms, nicolae_dithmenos_shadow_blocks, uniq_duvessa,
          uniq_crazy_yiuf_cottage
D:7:      layout_rooms, ebering_ghost_gozag
D:8:      minmay_the_grid_plus [minmay_the_grid_mess, minmay_the_grid_armoury,
          minmay_the_grid_x, minmay_the_grid_plusring,
          minmay_the_grid_prize_inner_circle], layout_loops_ring,
          chequers_temple_overflow_statue_of_worship,
          nicolae_wu_jian_immortal_techniques, serial_shops, nicolae_shop_trees,
          uniq_maggie
Temple:   nicolae_temple_cloud_nine

Skill      XL: |  1  2  3  4  5  6  7  8  9 10 |
---------------+-------------------------------+-----
Axes           | 2 3 4 |  4.0
Armour         | 3 4 5 6 |  6.2
Shields        | 3 4 6 7 |  7.0
Stealth        | 1 2 3 4 |  4.9
Spellcasting   | 1 |  1.5
Short Blades   | 1 3 4 6 |  6.5
Dodging        | 1 2 3 4 |  4.0
Fighting       | 4 5 |  5.9
Evocations     | 1 2 3 4 |  4.4
Throwing       | 1 2 |  2.2

Action                     |  1- 3 |  4- 6 |  7- 9 | 10-12 || total
---------------------------+-------+-------+-------+-------++-------
  Melee: War axe           |    90 |    47 |       |       ||   137
         Headbutt          |    11 |    19 |    70 |    31 ||   131
         Knife             |       |    63 |   356 |    85 ||   504
  Throw: Dart              |       |     7 |     8 |    10 ||    25
         Boomerang         |       |     2 |     4 |     9 ||    15
  Evoke: Wand              |       |       |       |     1 ||     1
    Use: Scroll            |       |     8 |    13 |     3 ||    24
         Potion            |       |       |     1 |     5 ||     6
   Stab: Invisible         |       |       |     3 |       ||     3
         Sleeping          |       |       |     1 |       ||     1
         Distracted        |       |       |       |     1 ||     1
 Armour: Scale mail        |    40 |       |    46 |    46 ||   132
         Ring mail         |    16 |    30 |       |       ||    46
         Leather armour    |       |       |     1 |       ||     1
  Dodge: Dodged            |    42 |    54 |   131 |    45 ||   272
  Block: Buckler           |    24 |    29 |   167 |    56 ||   276
